[ AOE2 MATCH · #480687038 ]
UnrankedRomans vs Franks
[ REPLAY ANALYSIS · EXTRACTED FROM THE RECORDED GAME ]
Feudal
—
Castle
—
Imperial
—
| APM avg | 0.6 |
| APM peak | 10 |
| eAPM avg | 0.4 |
| Villagers / military | 0 / 0 |
Feudal
13:48
Castle
18:30
Imperial
—
| APM avg | 21.9 |
| APM peak | 50 |
| eAPM avg | 13.0 |
| Villagers / military | 58 / 0 |
Focus
⚔️ 6.9% · 🌾 93.1%
Feudal
12:46
Castle
—
Imperial
—
| APM avg | 51.3 |
| APM peak | 72 |
| eAPM avg | 17.9 |
| Villagers / military | 44 / 6 |
Focus
⚔️ 13.7% · 🌾 86.3%
Militia ×6
Feudal
—
Castle
—
Imperial
—
| APM avg | 4.3 |
| APM peak | 24 |
| eAPM avg | 2.1 |
| Villagers / military | 13 / 0 |
Focus
⚔️ 5.3% · 🌾 94.7%
Feudal
15:44
Castle
20:10
Imperial
—
| APM avg | 13.2 |
| APM peak | 27 |
| eAPM avg | 8.1 |
| Villagers / military | 40 / 0 |
Focus
⚔️ 12.2% · 🌾 87.8%
Feudal
—
Castle
—
Imperial
—
| APM avg | 5.3 |
| APM peak | 25 |
| eAPM avg | 3.1 |
| Villagers / military | 18 / 0 |
Focus
⚔️ 14.0% · 🌾 86.0%
Feudal
10:52
Castle
—
Imperial
—
| APM avg | 17.7 |
| APM peak | 27 |
| eAPM avg | 8.7 |
| Villagers / military | 45 / 5 |
Focus
⚔️ 12.8% · 🌾 87.2%
Battering Ram ×3 · Spearman ×2
Feudal
—
Castle
—
Imperial
—
| APM avg | 12.6 |
| APM peak | 66 |
| eAPM avg | 5.2 |
| Villagers / military | 21 / 0 |
Focus
⚔️ 12.0% · 🌾 88.0%
Match map
Initial resources + every placement click. Lines = walls · curves = elevation contours. ◆ gold · ⬟ stone · ● berries · ✦ relic · ◌ wall gap
Your base· ✓ Closed at 12:00 · 0t walls · fragile
braysonyt's base· ✓ Closed at 18:30 · 8t walls · 1 gate(s) · fragile
Romzak228's base· ✓ Closed at 12:00 · 30t walls · 1 gate(s) · fragile
sassanas's base· ✓ Closed at 12:00 · 0t walls · fragile
catador de trabas's base· ✓ Closed at 20:10 · 33t walls · fragile
lkmm's base· ✓ Closed at 12:00 · 35t walls · fragile
Gametofit's base· ✓ Closed at 12:00 · 0t walls · fragile
絕地霸神STANLEY's base· ✓ Closed at 12:00 · 0t walls · fragile
Smoothed initial terrain · ◌ = detected wall gap · hover for details
Inputs per minute
— Shortbus Conquistador - - braysonyt
Build order — Shortbus Conquistador
0 actions detected in the replay
Build order — braysonyt
99 actions detected in the replay
| 0:07 | Create | Villager (Male) |
| 0:07 | Research | Loom |
| 0:07 | Create | Villager (Male) |
| 0:08 | Build | House |
| 0:23 | Create | Villager (Male) |
| 0:24 | Create | Villager (Male) |
| 0:24 | Create | Villager (Male) |
| 1:28 | Create | Villager (Male) |
| 1:48 | Build | Palisade Wall |
| 1:51 | Build | House |
| 2:25 | Create | Villager (Male) |
| 2:25 | Create | Villager (Male) |
| 2:42 | Create | Villager (Male) |
| 3:18 | Create | Villager (Male) |
| 3:18 | Create | Villager (Male) |
| 4:00 | Create | Villager (Male) |
| 4:00 | Create | Villager (Male) |
| 4:07 | Create | Villager (Male) |
| 4:07 | Create | Villager (Male) |
| 4:11 | Build | House |
| 5:08 | Create | Villager (Male) |
| 5:08 | Create | Villager (Male) |
| 5:17 | Create | Villager (Male) |
| 5:17 | Create | Villager (Male) |
| 5:19 | Create | Villager (Male) |
| 5:19 | Create | Villager (Male) |
| 6:05 | Build | House |
| 6:09 | Create | Villager (Male) |
| 6:09 | Create | Villager (Male) |
| 6:10 | Create | Villager (Male) |
| 6:26 | Build | Mining Camp |
| 6:56 | Create | Villager (Male) |
| 6:56 | Create | Villager (Male) |
| 7:00 | Build | Mill |
| 7:28 | Create | Villager (Male) |
| 7:28 | Create | Villager (Male) |
| 7:44 | Build | House |
| 7:45 | Build | House |
| 8:10 | Create | Villager (Male) |
| 8:10 | Create | Villager (Male) |
| 8:40 | Build | Lumber Camp |
| 8:54 | Create | Villager (Male) |
| 8:55 | Create | Villager (Male) |
| 9:12 | Create | Villager (Male) |
| 9:13 | Create | Villager (Male) |
| 9:35 | Create | Villager (Male) |
| 9:36 | Create | Villager (Male) |
| 9:36 | Create | Villager (Male) |
| 10:06 | Create | Villager (Male) |
| 10:11 | Build | Lumber Camp |
| 10:29 | Build | Mining Camp |
| 11:38 | Research | Feudal Age |
| 11:46 | Build | Palisade Gate |
| 13:48 | Age | Feudal Age |
| 14:07 | Build | Market |
| 14:09 | Build | Blacksmith |
| 15:50 | Research | Castle Age |
| 16:50 | Build | Farm |
| 16:51 | Build | Farm |
| 16:51 | Build | Farm |
| 16:51 | Build | Farm |
| 16:52 | Build | Farm |
| 16:52 | Build | Farm |
| 16:53 | Build | Farm |
| 16:54 | Build | Farm |
| 17:06 | Research | Double-Bit Axe |
| 17:09 | Research | Town Watch |
| 18:30 | Age | Castle Age |
| 18:36 | Build | Town Center |
| 18:45 | Build | Town Center |
| 18:48 | Create | Villager (Male) |
| 18:48 | Create | Villager (Male) |
| 18:48 | Create | Villager (Male) |
| 18:49 | Create | Villager (Male) |
| 18:49 | Create | Villager (Male) |
| 18:51 | Create | Villager (Male) |
| 18:51 | Create | Villager (Male) |
| 18:52 | Create | Villager (Male) |
| 18:52 | Create | Villager (Male) |
| 19:26 | Research | Town Patrol |
| 19:31 | Create | Villager (Male) |
| 19:32 | Create | Villager (Male) |
| 19:32 | Create | Villager (Male) |
| 19:43 | Build | Farm |
| 19:44 | Build | Farm |
| 19:48 | Create | Villager (Male) |
| 19:48 | Create | Villager (Male) |
| 19:48 | Create | Villager (Male) |
| 19:52 | Build | Farm |
| 19:57 | Build | Farm |
| 20:01 | Build | Farm |
| 20:42 | Create | Villager (Male) |
| 20:42 | Create | Villager (Male) |
| 20:43 | Create | Villager (Male) |
| 20:47 | Create | Villager (Male) |
| 20:48 | Create | Villager (Male) |
| 20:51 | Build | Farm |
| 20:54 | Build | Farm |
| 21:00 | Build | Outpost |
Build order — Romzak228
112 actions detected in the replay
| 0:01 | Create | Villager (Male) |
| 0:03 | Build | House |
| 0:05 | Build | House |
| 0:06 | Research | Loom |
| 0:06 | Create | Villager (Male) |
| 0:24 | Create | Villager (Male) |
| 0:33 | Create | Villager (Male) |
| 0:34 | Create | Villager (Male) |
| 1:16 | Build | Palisade Wall |
| 1:26 | Build | Palisade Wall |
| 1:46 | Build | Palisade Wall |
| 1:52 | Build | Palisade Wall |
| 2:05 | Create | Villager (Male) |
| 2:39 | Create | Villager (Male) |
| 2:39 | Create | Villager (Male) |
| 2:58 | Build | Palisade Wall |
| 3:20 | Build | Palisade Wall |
| 3:27 | Create | Villager (Male) |
| 3:44 | Build | House |
| 3:51 | Build | Palisade Wall |
| 3:55 | Create | Villager (Male) |
| 4:32 | Create | Villager (Male) |
| 4:38 | Build | Palisade Wall |
| 5:03 | Build | House |
| 5:21 | Create | Villager (Male) |
| 5:36 | Create | Villager (Male) |
| 5:45 | Build | House |
| 6:24 | Create | Villager (Male) |
| 6:24 | Create | Villager (Male) |
| 6:55 | Build | Lumber Camp |
| 7:06 | Create | Villager (Male) |
| 7:15 | Build | House |
| 7:39 | Create | Villager (Male) |
| 7:46 | Create | Villager (Male) |
| 8:01 | Create | Villager (Male) |
| 8:10 | Build | House |
| 8:25 | Create | Villager (Male) |
| 8:38 | Create | Villager (Male) |
| 8:43 | Build | Palisade Gate |
| 9:10 | Build | Mining Camp |
| 9:26 | Create | Villager (Male) |
| 9:44 | Build | House |
| 9:48 | Create | Villager (Male) |
| 10:30 | Build | Barracks |
| 10:36 | Research | Feudal Age |
| 10:49 | Create | Villager (Male) |
| 11:12 | Build | Palisade Wall |
| 11:24 | Create | Militia |
| 11:51 | Build | House |
| 11:52 | Create | Militia |
| 12:10 | Create | Militia |
| 12:16 | Build | Mill |
| 12:31 | Create | Militia |
| 12:42 | Create | Villager (Male) |
| 12:46 | Age | Feudal Age |
| 12:48 | Build | House |
| 12:50 | Create | Militia |
| 12:57 | Build | Blacksmith |
| 13:02 | Create | Villager (Male) |
| 13:22 | Create | Villager (Male) |
| 13:32 | Create | Militia |
| 13:40 | Create | Villager (Male) |
| 13:55 | Research | Man-at-Arms (upgrade) |
| 14:18 | Build | House |
| 14:21 | Create | Villager (Male) |
| 14:50 | Research | Double-Bit Axe |
| 15:00 | Create | Villager (Male) |
| 15:08 | Build | Farm |
| 15:30 | Create | Villager (Male) |
| 15:39 | Build | Farm |
| 15:51 | Create | Villager (Male) |
| 16:12 | Build | Farm |
| 16:17 | Create | Villager (Male) |
| 16:36 | Build | Farm |
| 16:53 | Create | Villager (Male) |
| 16:55 | Research | Horse Collar |
| 17:16 | Create | Villager (Male) |
| 17:18 | Build | Farm |
| 17:29 | Create | Villager (Male) |
| 17:35 | Build | Farm |
| 17:36 | Create | Villager (Male) |
| 18:04 | Build | Farm |
| 18:15 | Build | Farm |
| 18:18 | Create | Villager (Male) |
| 18:47 | Build | Outpost |
| 18:48 | Build | Outpost |
| 18:50 | Build | Outpost |
| 18:52 | Build | Outpost |
| 18:54 | Create | Villager (Male) |
| 19:04 | Build | Outpost |
| 19:06 | Build | Outpost |
| 19:07 | Build | Outpost |
| 19:10 | Build | Outpost |
| 19:11 | Build | Outpost |
| 19:13 | Create | Villager (Male) |
| 19:14 | Research | Wheelbarrow |
| 19:15 | Research | Town Watch |
| 19:18 | Create | Villager (Male) |
| 19:21 | Build | Mill |
| 19:28 | Create | Villager (Male) |
| 19:30 | Research | Forging |
| 19:47 | Create | Villager (Male) |
| 19:54 | Create | Villager (Male) |
| 20:15 | Research | Scale Mail Armor |
| 20:37 | Build | Farm |
| 20:38 | Build | Farm |
| 20:38 | Build | Farm |
| 20:38 | Build | Farm |
| 20:38 | Build | Farm |
| 20:39 | Build | Farm |
| 20:39 | Build | Farm |
| 20:48 | Build | Market |
Build order — sassanas
16 actions detected in the replay
| 0:02 | Create | Villager (Male) |
| 0:03 | Create | Villager (Male) |
| 0:03 | Create | Villager (Male) |
| 0:03 | Create | Villager (Male) |
| 0:04 | Create | Villager (Male) |
| 0:05 | Build | House |
| 0:13 | Build | House |
| 1:45 | Create | Villager (Male) |
| 1:46 | Create | Villager (Male) |
| 2:07 | Build | Lumber Camp |
| 4:54 | Create | Villager (Male) |
| 4:55 | Create | Villager (Male) |
| 4:55 | Create | Villager (Male) |
| 4:55 | Create | Villager (Male) |
| 4:56 | Create | Villager (Male) |
| 4:56 | Create | Villager (Male) |
Build order — catador de trabas
68 actions detected in the replay
| 0:05 | Build | House |
| 0:06 | Build | House |
| 0:07 | Create | Villager (Male) |
| 0:07 | Create | Villager (Male) |
| 0:08 | Create | Villager (Male) |
| 0:08 | Create | Villager (Male) |
| 0:08 | Create | Villager (Male) |
| 0:29 | Build | Palisade Wall |
| 0:57 | Research | Loom |
| 1:04 | Create | Villager (Male) |
| 1:05 | Create | Villager (Male) |
| 1:05 | Create | Villager (Male) |
| 1:34 | Build | Palisade Wall |
| 1:42 | Build | Palisade Wall |
| 2:10 | Build | House |
| 2:18 | Build | House |
| 2:21 | Create | Villager (Male) |
| 2:21 | Create | Villager (Male) |
| 2:41 | Create | Villager (Male) |
| 2:41 | Create | Villager (Male) |
| 3:04 | Build | House |
| 3:54 | Create | Villager (Male) |
| 3:55 | Create | Villager (Male) |
| 4:23 | Create | Villager (Male) |
| 4:23 | Create | Villager (Male) |
| 5:16 | Build | Palisade Wall |
| 5:51 | Create | Villager (Male) |
| 5:53 | Create | Villager (Male) |
| 5:53 | Create | Villager (Male) |
| 6:19 | Build | House |
| 6:31 | Create | Villager (Male) |
| 6:33 | Create | Villager (Male) |
| 6:33 | Create | Villager (Male) |
| 6:43 | Build | Lumber Camp |
| 7:07 | Build | House |
| 7:11 | Create | Villager (Male) |
| 7:11 | Create | Villager (Male) |
| 7:48 | Create | Villager (Male) |
| 9:17 | Build | Mill |
| 9:22 | Create | Villager (Male) |
| 9:30 | Create | Villager (Male) |
| 9:30 | Create | Villager (Male) |
| 9:31 | Create | Villager (Male) |
| 9:43 | Build | Mining Camp |
| 10:01 | Create | Villager (Male) |
| 10:01 | Create | Villager (Male) |
| 10:02 | Create | Villager (Male) |
| 10:03 | Create | Villager (Male) |
| 10:32 | Create | Villager (Male) |
| 10:48 | Create | Villager (Male) |
| 13:34 | Research | Feudal Age |
| 13:42 | Build | Mining Camp |
| 15:44 | Age | Feudal Age |
| 16:11 | Build | Market |
| 16:15 | Build | Blacksmith |
| 16:26 | Build | Mining Camp |
| 17:05 | Create | Villager (Male) |
| 17:28 | Research | Castle Age |
| 18:09 | Build | Farm |
| 18:10 | Build | Farm |
| 19:21 | Build | Barracks |
| 20:10 | Age | Castle Age |
| 20:26 | Build | Town Center |
| 20:29 | Create | Villager (Male) |
| 20:30 | Create | Villager (Male) |
| 20:46 | Build | Town Center |
| 20:52 | Create | Villager (Male) |
| 20:53 | Create | Villager (Male) |
Build order — lkmm
20 actions detected in the replay
| 0:04 | Create | Villager (Male) ×4 |
| 0:07 | Research | Loom |
| 0:08 | Create | Villager (Male) ×4 |
| 0:54 | Build | Palisade Wall |
| 1:03 | Build | Palisade Wall |
| 1:11 | Build | Palisade Wall |
| 2:08 | Build | House |
| 2:56 | Build | House |
| 3:13 | Build | House |
| 4:05 | Build | House |
| 4:16 | Create | Villager (Male) |
| 4:16 | Create | Villager (Male) |
| 4:36 | Create | Villager (Male) |
| 5:13 | Create | Villager (Male) |
| 5:13 | Create | Villager (Male) |
| 5:36 | Create | Villager (Male) |
| 7:24 | Create | Villager (Male) |
| 7:24 | Create | Villager (Male) |
| 7:25 | Create | Villager (Male) |
| 7:25 | Create | Villager (Male) |
Build order — Gametofit
77 actions detected in the replay
| 0:05 | Create | Villager (Male) |
| 0:05 | Create | Villager (Male) |
| 0:06 | Create | Villager (Male) |
| 0:09 | Build | House |
| 0:32 | Build | House |
| 1:28 | Create | Villager (Male) |
| 1:29 | Create | Villager (Male) |
| 1:48 | Create | Villager (Male) |
| 1:48 | Create | Villager (Male) |
| 3:04 | Create | Villager (Male) |
| 3:05 | Create | Villager (Male) |
| 3:47 | Create | Villager (Male) |
| 3:53 | Build | Lumber Camp |
| 4:12 | Create | Villager (Male) |
| 4:12 | Create | Villager (Male) |
| 4:20 | Build | House |
| 5:02 | Create | Villager (Male) |
| 5:35 | Create | Villager (Male) |
| 5:36 | Create | Villager (Male) |
| 5:36 | Create | Villager (Male) |
| 5:37 | Create | Villager (Male) |
| 5:37 | Create | Villager (Male) |
| 5:52 | Create | Villager (Male) |
| 6:19 | Create | Villager (Male) |
| 6:41 | Build | Mill |
| 6:59 | Research | Loom |
| 7:52 | Create | Villager (Male) |
| 7:52 | Create | Villager (Male) |
| 8:18 | Create | Villager (Male) |
| 8:40 | Research | Feudal Age |
| 9:08 | Create | Villager (Male) |
| 9:08 | Create | Villager (Male) |
| 9:30 | Build | House |
| 9:34 | Build | House |
| 9:56 | Create | Villager (Male) |
| 10:00 | Create | Villager (Male) |
| 10:01 | Create | Villager (Male) |
| 10:52 | Age | Feudal Age |
| 11:10 | Build | Blacksmith |
| 11:14 | Build | Mining Camp |
| 11:22 | Create | Villager (Male) |
| 11:22 | Create | Villager (Male) |
| 11:23 | Create | Villager (Male) |
| 12:43 | Create | Villager (Male) |
| 12:54 | Build | House |
| 13:12 | Create | Villager (Male) |
| 13:13 | Create | Villager (Male) |
| 13:23 | Build | Siege Workshop |
| 13:51 | Build | Mill |
| 14:27 | Create | Battering Ram |
| 14:27 | Create | Battering Ram |
| 14:33 | Create | Villager (Male) |
| 14:34 | Create | Villager (Male) |
| 14:50 | Build | Lumber Camp |
| 14:57 | Create | Villager (Male) ×5 |
| 15:53 | Create | Battering Ram |
| 16:03 | Build | House |
| 16:04 | Build | House |
| 16:06 | Build | House |
| 16:10 | Create | Villager (Male) |
| 16:24 | Build | Farm |
| 16:48 | Build | Farm |
| 17:16 | Build | Farm |
| 17:18 | Build | Farm |
| 17:20 | Build | Farm |
| 17:23 | Build | Farm |
| 17:30 | Create | Villager (Male) |
| 17:35 | Build | Farm |
| 17:39 | Research | Double-Bit Axe |
| 17:46 | Research | Horse Collar |
| 18:28 | Create | Villager (Male) |
| 19:03 | Build | Barracks |
| 19:09 | Create | Villager (Male) |
| 19:19 | Build | Market |
| 20:25 | Create | Spearman |
| 20:25 | Create | Spearman |
| 20:50 | Build | Palisade Wall |
Build order — 絕地霸神STANLEY
26 actions detected in the replay
| 0:03 | Build | House |
| 0:04 | Build | House |
| 0:05 | Create | Villager (Male) |
| 0:05 | Create | Villager (Male) |
| 0:06 | Create | Villager (Male) |
| 0:06 | Create | Villager (Male) |
| 0:06 | Create | Villager (Male) |
| 0:37 | Build | House |
| 1:50 | Create | Villager (Male) |
| 1:50 | Create | Villager (Male) |
| 2:33 | Create | Villager (Male) |
| 2:34 | Create | Villager (Male) |
| 3:18 | Create | Villager (Male) |
| 3:18 | Create | Villager (Male) |
| 3:19 | Create | Villager (Male) |
| 4:17 | Create | Villager (Male) |
| 4:18 | Create | Villager (Male) |
| 4:49 | Build | Mill |
| 4:54 | Create | Villager (Male) |
| 4:55 | Create | Villager (Male) |
| 5:33 | Create | Villager (Male) |
| 5:34 | Create | Villager (Male) |
| 5:34 | Create | Villager (Male) |
| 6:20 | Create | Villager (Male) |
| 6:28 | Build | Lumber Camp |
| 6:56 | Create | Villager (Male) |
Match timeline
| 0:29 | catador de trabas · wall_segment Palisade Wall x20 |
| 0:54 | lkmm · wall_segment Palisade Wall x15 |
| 1:03 | lkmm · wall_segment Palisade Wall x8 |
| 1:11 | lkmm · wall_segment Palisade Wall x12 |
| 1:16 | Romzak228 · wall_segment Palisade Wall x4 |
| 1:26 | Romzak228 · wall_segment Palisade Wall x7 |
| 1:34 | catador de trabas · wall_segment Palisade Wall x10 |
| 1:42 | catador de trabas · wall_segment Palisade Wall x1 |
| 1:46 | Romzak228 · wall_segment Palisade Wall x5 |
| 1:48 | braysonyt · wall_segment Palisade Wall x8 |
| 1:52 | Romzak228 · wall_segment Palisade Wall x1 |
| 2:58 | Romzak228 · wall_segment Palisade Wall x4 |
| 3:20 | Romzak228 · wall_segment Palisade Wall x6 |
| 3:51 | Romzak228 · wall_segment Palisade Wall x1 |
| 4:38 | Romzak228 · wall_segment Palisade Wall x1 |
| 5:16 | catador de trabas · wall_segment Palisade Wall x3 |
| 7:30 | lkmm · resign |
| 10:30 | Romzak228 · first_building Barracks |
| 10:52 | Gametofit · age_up feudal |
| 11:12 | Romzak228 · wall_segment Palisade Wall x1 |
| 12:46 | Romzak228 · age_up feudal |
| 13:23 | Gametofit · first_building Siege Workshop |
| 13:48 | braysonyt · age_up feudal |
| 15:44 | catador de trabas · age_up feudal |
| 18:30 | braysonyt · age_up castle |
| 19:03 | Gametofit · first_building Barracks |
| 19:21 | catador de trabas · first_building Barracks |
| 20:10 | catador de trabas · age_up castle |
| 20:50 | Gametofit · wall_segment Palisade Wall x5 |
[ AI ANALYSIS · 1 CREDIT ]
What really happened in this match?
Wolo.gg analyzes every decision: build order, eco, micro, common mistakes by bracket. Personalized analysis on WhatsApp or Discord in 30 seconds.
Civ guide
Romans
Perfil
Jugador #20935294